 Dungeon Crawl Stone Soup version 0.26-a0-597-gb535b0901c (webtiles) character file.

Game seed: 12166089059399083916

322340 Alarkh the Brawler (level 20, -3/176 HPs)
             Began as a Demonspawn Fighter on Sept 5, 2020.
             Was a Believer of Uskayaw.
             Slain by an ironheart preserver
             ... wielding a +0 great mace
              (38 damage)
             ... on level 3 of the Vaults.
             The game lasted 01:44:01 (35567 turns).

Alarkh the Brawler (Demonspawn Fighter)            Turns: 35567, Time: 01:44:02

Health: -3/176     AC: 14    Str: 17    XL:     20   Next: 66%
Magic:  29/32      EV: 16    Int: 17    God:    Uskayaw [**....]
Gold:   1980       SH: 25    Dex: 14    Spells: 18/19 levels left

rFire    + + .     SeeInvis +     - Unarmed
rCold    + + +     Faith    .   h - +7 tower shield of Dramatic Exits {rN+}
rNeg     + . .     Spirit   .   v - +2 scale mail {rF+}
rPois    +         Reflect  .   (helmet unavailable)
rElec    +         Harm     .   Y - scarf {rC+ rF+}
rCorr    .                      j - +0 pair of gloves
MR       ++...                  O - +1 pair of boots {Fly}
Stlth    ++++......             p - amulet of regeneration
HPRegen  1.19/turn              R - ring "Usor Aschiniw" {rC++ MR+}
MPRegen  0.23/turn              U - ring of poison resistance

@: mighty, flying
A: antennae 3, powered by death 2, powered by pain 3, regeneration 1, robust 1,
electricity resistance, sturdy frame 3
}: 2/15 runes: decaying, gossamer
a: Stomp, Line Pass, Renounce Religion, Stop Flying


You were on level 3 of the Vaults.
You worshipped Uskayaw.
Uskayaw was most pleased with you.
You visited 7 branches of the dungeon, and saw 35 of its levels.
You visited 1 bazaar.
You also visited: Bailey, Gauntlet, Ice Cave and Volcano.

You collected 5225 gold pieces.
You spent 3245 gold pieces at shops.

Inventory:

Hand Weapons
 w - the +9 staff of Wucad Mu {channel}
   (You acquired it on level 6 of the Lair of Beasts)
Armour
 h - the +7 tower shield of Dramatic Exits (worn) {rN+}
   (You bought it in a shop in a bazaar)

   It protects you from negative energy.
 j - a +0 pair of gloves (worn)
 q - a +7 tower shield of fire resistance
 v - a +2 scale mail of fire resistance (worn)
 O - a +1 pair of boots of flying (worn)
 Q - +0 fire dragon scales
 Y - a scarf of resistance (worn)
Magical Staves
 l - an uncursed staff of air
 x - an uncursed staff of conjuration
 K - an uncursed staff of death
Jewellery
 b - the ring "Quhao" {*Corrode rPois Int+2 Dex+5 Stlth+}
   (You found it on level 4 of the Spider Nest)

   [ring of stealth]

   It affects your intelligence (+2).
   It affects your dexterity (+5).
   It protects you from poison.
   It may corrode you when you take damage.
   It makes you more stealthy.
 p - an amulet of regeneration (around neck)
 z - a +4 ring of evasion
 B - an uncursed ring of protection from cold
 R - the ring "Usor Aschiniw" (left hand) {rC++ MR+}
   (You acquired it on level 2 of the Vaults)

   [ring of protection from magic]

   It greatly protects you from cold.
   It affects your resistance to hostile enchantments.
 U - a ring of poison resistance (right hand)
Wands
 c - a wand of flame (57)
 o - a wand of iceblast (29)
 y - a wand of digging (14)
 E - a wand of paralysis (34)
 I - a wand of polymorph (12)
 J - a wand of random effects (32)
 L - a wand of enslavement (19)
Scrolls
 d - 21 scrolls of remove curse
 f - 2 scrolls of teleportation
 g - 3 scrolls of summoning
 n - 4 scrolls of fear
 r - 15 scrolls of identify
 s - a scroll of magic mapping
 H - 4 scrolls of fog
 P - a scroll of amnesia
 S - a scroll of blinking
Potions
 a - 2 potions of might
 e - 2 potions of brilliance
 i - 7 potions of magic
 m - 5 potions of heal wounds
 t - 10 potions of curing
 u - 3 potions of ambrosia
 A - 7 potions of flight
 C - 5 potions of lignification
 D - a potion of berserk rage
 F - 2 potions of resistance
 G - 4 potions of stabbing
 M - 4 potions of invisibility
 N - a potion of haste
Miscellaneous
 k - a lightning rod (4/4)


   Skills:
 + Level 14.7 Fighting
 + Level 10.7 Armour
 + Level 10.5 Dodging
 + Level 10.4 Stealth
 + Level 13.7 Shields
 * Level 18.8 Unarmed Combat
 + Level 16.2 Invocations


You had 18 spell levels left.
You knew the following spells:

 Your Spells              Type           Power        Failure   Level
a - Apportation           Tloc           #.....       75%         1

Your spell library contained the following spells:

 Spells                   Type           Power        Failure   Level
 Animate Skeleton         Necr           #.....       75%         1
 Corona                   Hex            #......      75%         1
 Magic Dart               Conj           #...         75%         1
 Shock                    Conj/Air       #...         75%         1
 Summon Small Mammal      Summ           #...         75%         1
 Blink                    Tloc           N/A          87%         2
 Call Imp                 Summ           #.......     87%         2
 Ensorcelled Hibernation  Hex/Ice        #.....       87%         2
 Poisonous Vapours        Pois/Air       #.....       87%         2
 Searing Ray              Conj           #.....       87%         2
 Slow                     Hex            #.......     87%         2
 Swiftness                Air            #.......     87%         2
 Confusing Touch          Hex            #.......     98%         3
 Conjure Flame            Conj/Fire      #.......     98%         3
 Dazzling Flash           Conj/Hex       #.....       98%         3
 Mephitic Cloud           Conj/Pois/Air  #.......     98%         3
 Static Discharge         Conj/Air       #.......     98%         3
 Tukima's Dance           Hex            #.......     98%         3
 Airstrike                Air            #.........   100%        4
 Fulminant Prism          Conj/Hex       #.........   100%        4
 Iskenderun's Mystic Bla  Conj/Tloc      #.......     100%        4
 Irradiate                Conj/Tmut      #.........   100%        5
 Lightning Bolt           Conj/Air       #.........   100%        5
 Freezing Cloud           Conj/Ice/Air   #.........   100%        6
 Orb of Destruction       Conj           #.........   100%        7


Dungeon Overview and Level Annotations

Branches:
Dungeon (15/15)            Temple (1/1) D:6            Lair (6/6) D:9
  Swamp (4/4) Lair:3       Spider (4/4) Lair:4        Slime (0/5) Lair:5
    Orc (2/2) D:12            Elf (0/3) Orc:2        Vaults (3/5) D:14
  Crypt (0/3) Vaults:2     Depths (0/5) D:15         Bailey (visited)
  IceCv (visited)         Volcano (visited)         Gauntlet (visited)

Altars:
Ashenzari
Cheibriados
Dithmenos
Elyvilon
Fedhas
Gozag
Hepliaklqana
Kikubaaqudgha
Makhleb
Nemelex Xobeh
Okawaru
Qazlal
Ru
Sif Muna
Trog
Uskayaw
Vehumet
Wu Jian
Xom
Yredelemnul
Zin
The Shining One
Beogh
Jiyva

Shops:
D:5 *   D:9 =   Orc:1 !   Orc:2 (=[*   Vaults:2 ?

Annotations:
Lair:4 exclusion: 4 oklob plants
Spider:4 1 runed translucent door, Graouh's ghost, adept MiFi; Mara
Vaults:1 3 runed translucent doors, Nybbakke's ghost, adept MiFi


Innate Abilities, Weirdness & Mutations

You have a pair of large antennae on your head. (SInv)
You regenerate health from kills.
You are powered by pain.
You are robust. (+10% HP)
Your movements are significantly less encumbered by armour. (ER -6)
Your natural rate of healing is unusually fast.
You are resistant to electric shocks. (rElec)


Message History

The freezing wraith hits you but does no damage.
The deep elf mage gestures wildly while chanting.
The deep elf mage blinks!
The yaktaur hits you.
* * * LOW HITPOINT WARNING * * *
The great orb of eyes bites you!
* * * LOW HITPOINT WARNING * * *
You can move again.
You are too injured to fight recklessly!
Unknown command.
You stomp with the beat, sending a shockwave through the revelers around you!
The ironheart preserver is severely wounded.
The great orb of eyes is almost dead.
The orc knight is lightly wounded.
The yaktaur is lightly wounded.
The freezing wraith is moderately damaged.
The orc knight hits you with a +0 dire flail.
* * * LOW HITPOINT WARNING * * *
You block the freezing wraith's attack.
The freezing wraith hits you but does no damage.
The ironheart preserver hits you with a +0 great mace!!!
You die...

#######
#.....#
#.....#
#.....#
#.....#
#...W[#
#..pp@#
#...cGo......
#....oe......
#...#..#.....
#.....#...#..
#.....##.....
#..#.## # ...
#...# #..


You could see an ironheart preserver (strong), an orc knight, a great orb of
eyes, an ironbrand convoker (catching breath), a yaktaur (sheltered), a freezing
wraith (strong), a deep elf mage and an orc warrior (strong).

Vanquished Creatures
  A sphinx (Vaults:2)
  2 thorn hunters
  Kirke (Swamp:2)
  A tengu reaver (Vaults:2)
  A fire giant (D:15)
  An orc warlord (Orc:2)
  Louise (D:15)
  5 ghost moths
  9 vault wardens
  2 emperor scorpions
  11 ironheart preservers
  3 stone giants
  3 entropy weavers
  3 spark wasps
  2 deep elf demonologists
  A deep elf annihilator (Vaults:1)
  A minotaur (Gauntlet)
  7 yaktaur captains
  2 deep elf death magi (Vaults:1)
  2 fire dragons (Vaults:1)
  8 vault guards
  Fannar (D:10)
  A ghost crab (Swamp:4)
  19 hydras
  3 shambling mangroves (Swamp:4)
  29 two-headed ogres
  2 ice dragons (IceCv)
  Erica (D:10)
  A dancing weapon (Volcano)
  13 death yaks
  9 ogre magi
  A tengu warrior (D:13)
  A death knight (D:13)
  8 alligators
  8 centaur warriors
  A deep troll earth mage (Vaults:1)
  3 orc high priests (Orc:2)
  A skeletal warrior (Vaults:2)
  The ghost of p0werm0de the Fighter, a novice MiFi of Cheibriados (D:7)
  Nergalle (D:11)
  4 sixfirhies (Gauntlet)
  15 slime creatures
  5 deep elf knights
  A fire crab (Gauntlet)
  The ghost of Ogapsuc the Thaumaturge, a novice GnWz of Sif Muna (Lair:1)
  7 swamp dragons
  3 deep trolls (Vaults:1)
  13 ironbrand convokers
  3 unseen horrors
  A spriggan druid (Swamp:4)
  8 wizards
  A deep elf archer (Vaults:3)
  9 orc knights
  6 deep elf magi
  A wolf spider zombie (D:13)
  15 orb spiders
  8 orc sorcerers
  34 wolf spiders
  43 ugly things
  9 cyclopes
  4 elephants
  5 toenail golems (Volcano)
  3 manticores
  2 moths of wrath
  Joseph (D:10)
  7 black mambas
  2 ice statues (IceCv)
  9 vault sentinels
  9 torpor snails
  15 cane toads
  A gargoyle (D:14)
  4 rime drakes
  23 yaktaurs
  6 komodo dragons
  An efreet (D:15)
  4 freezing wraiths
  4 kobold demonologists
  11 demonic crawlers
  A tengu conjurer (D:13)
  44 jumping spiders
  5 polar bears
  6 trolls
  10 tyrant leeches
  21 hornets
  7 bog bodies
  4 blink frogs (Lair:5)
  A stone giant simulacrum (Vaults:2)
  6 dream sheep (Lair:6)
  10 hippogriffs
  A meliai zombie (D:15)
  A centaur simulacrum (D:12)
  3 shadows
  Sigmund (D:5)
  30 tarantellas
  3 wyverns
  2 vampires
  84 redbacks
  37 yaks
  17 spriggans
  4 wraiths
  7 basilisks
  7 humans (D:14)
  2 fire bats (Gauntlet)
  Grum (D:10)
  31 vampire mosquitoes
  3 steam dragons
  3 hogs (Swamp:2)
  A soldier ant (D:13)
  A warg (Orc:1)
  2 acid dragons
  17 swamp worms
  10 insubstantial wisps
  10 water moccasins
  11 porcupines
  50 orc warriors
  16 swamp drakes
  28 ice beasts
  6 sky beasts
  4 black bears (Lair:6)
  3 phantoms
  An ettin simulacrum (Vaults:2)
  35 ogres
  An eye of draining (D:15)
  8 boggarts
  4 necrophages
  22 centaurs
  29 wolves
  17 crocodiles
  18 bullfrogs
  A deep troll simulacrum (Vaults:1)
  6 big kobolds
  A cane toad simulacrum (Lair:1)
  4 scorpions
  16 killer bees
  12 wights
  2 human simulacra (Vaults:2)
  A crimson imp (Orc:1)
  10 electric eels
  3 centaur zombies
  6 hounds
  A quasit (D:10)
  A bullfrog skeleton (D:11)
  31 orc priests
  3 jellies
  39 orc wizards
  A water moccasin simulacrum (Lair:1)
  An iron imp (Orc:1)
  4 centaur skeletons
  3 iguanas
  Terence (D:3)
  12 worker ants
  2 yak simulacra (Lair:1)
  A killer bee zombie (D:5)
  A bullfrog simulacrum (Lair:1)
  3 worker ant zombies
  9 gnolls
  9 adders
  2 shadow imps
  12 white imps
  5 ufetubi
  An ooze (D:2)
  4 adder skeletons
  3 worms
  5 dart slugs
  3 leopard geckos
  121 orcs
  8 bats
  9 giant cockroaches
  17 goblins
  19 hobgoblins
  15 jackals
  5 quokkas
  2 ball pythons
  7 frilled lizards
  18 kobolds
  A leopard gecko zombie (D:5)
  6 rats
  A bush (D:10)
1563 creatures vanquished.

Vanquished Creatures (others)
  A deep elf mage (Vaults:1)
  A redback (Spider:2)
  A tarantella (Spider:4)
  2 humans (D:14)
  A swamp drake (Swamp:4)
  A killer bee (D:10)
  3 orcs (D:11)
  4 kobolds (D:12)
  21 fungi
  46 plants
81 creatures vanquished.

Grand Total: 1644 creatures vanquished

Notes
Turn   | Place    | Note
-------+----------+-------------------------------------------
     0 | D:1      | Alarkh the Demonspawn Fighter began the quest for the Orb.
     0 | D:1      | Reached XP level 1. HP: 18/18 MP: 1/1
    43 | D:1      | Reached skill level 2 in Unarmed Combat
   140 | D:1      | Gained mutation: You regenerate a little health from kills.
                  | [demonic ancestry]
   140 | D:1      | Reached XP level 2. HP: 20/24 MP: 2/2
   375 | D:1      | Gained mutation: You sometimes gain a little power by
                  | taking damage. [demonic ancestry]
   375 | D:1      | Reached XP level 3. HP: 29/29 MP: 3/3
   746 | D:2      | Reached skill level 3 in Unarmed Combat
   776 | D:2      | Gained mutation: Your movements are slightly less
                  | encumbered by armour. (ER -2) [demonic ancestry]
   776 | D:2      | Reached XP level 4. HP: 28/35 MP: 4/4
  1577 | D:3      | Noticed Terence
  1739 | D:3      | Killed Terence
  1739 | D:3      | Gained mutation: You regenerate health from kills. [demonic
                  | ancestry]
  1739 | D:3      | Reached XP level 5. HP: 23/42 MP: 5/5
  2348 | D:4      | Reached skill level 4 in Unarmed Combat
  2487 | D:4      | Reached XP level 6. HP: 29/48 MP: 6/6
  2941 | D:5      | Entered Level 5 of the Dungeon
  3430 | D:5      | Reached skill level 5 in Unarmed Combat
  3514 | D:5      | Reached XP level 7. HP: 53/55 MP: 7/7
  3647 | D:5      | Noticed Sigmund
  3658 | D:5      | Killed Sigmund
  3658 | D:5      | Reached skill level 5 in Fighting
  3674 | D:5      | Found Weubebb's Assorted Antiques.
  3691 | D:5      | Bought a fizzy golden potion for 21 gold pieces
  3691 | D:5      | Bought a scroll labeled VURA KEFROL for 24 gold pieces
  3691 | D:5      | Bought a bubbling red potion for 21 gold pieces
  3691 | D:5      | Bought a potion of might for 96 gold pieces
  3913 | D:5      | Found a glowing golden altar of the Shining One.
  4177 | D:6      | Reached skill level 6 in Unarmed Combat
  4366 | D:5      | Gained mutation: You have a pair of small antennae on your
                  | head. [demonic ancestry]
  4366 | D:5      | Reached XP level 8. HP: 22/63 MP: 8/8
  4451 | D:5      | Reached skill level 5 in Shields
  4602 | D:6      | Found a staircase to the Ecumenical Temple.
  4666 | Temple   | Entered the Ecumenical Temple
  4670 | Temple   | Became a worshipper of Uskayaw the Reveler
  4821 | D:6      | Reached * piety under Uskayaw
  4826 | D:6      | Reached ** piety under Uskayaw
  4832 | D:6      | Reached skill level 7 in Unarmed Combat
  4835 | D:6      | Reached *** piety under Uskayaw
  4838 | D:6      | Reached **** piety under Uskayaw
  5245 | D:7      | Gained mutation: You sometimes gain power by taking damage.
                  | [demonic ancestry]
  5245 | D:7      | Reached XP level 9. HP: 71/71 MP: 9/9
  5285 | D:7      | Reached skill level 8 in Unarmed Combat
  5523 | D:7      | Found a transporter.
  5526 | D:7      | Noticed p0werm0de's ghost (novice MiFi)
  5526 | D:7      | Noticed a two-headed ogre
  5793 | D:7      | Found a transporter.
  6429 | D:8      | Reached skill level 9 in Unarmed Combat
  6436 | D:8      | Gained mutation: Your natural rate of healing is unusually
                  | fast. [potion of mutation]
  6436 | D:8      | Gained mutation: You are resistant to electric shocks.
                  | (rElec) [potion of mutation]
  6451 | D:8      | Reached XP level 10. HP: 44/80 MP: 10/10
  6910 | D:9      | Found Wuloh's Jewellery Shop.
  7254 | D:8      | Reached skill level 10 in Unarmed Combat
  7254 | D:8      | Reached skill level 1 in Invocations
  7323 | D:9      | Found an iron altar of Okawaru.
  8104 | D:9      | Found a staircase to the Lair.
  8113 | Lair:1   | Entered Level 1 of the Lair of Beasts
  8113 | Lair:1   | Noticed a black mamba
  8121 | Lair:1   | Killed a black mamba
  8126 | Lair:1   | Noticed a five-headed hydra
  8172 | Lair:1   | Noticed a cane toad
  8178 | Lair:1   | Reached ***** piety under Uskayaw
  8185 | Lair:1   | Killed a cane toad
  8185 | Lair:1   | Reached ****** piety under Uskayaw
  8198 | Lair:1   | Found a runed translucent gate.
  8198 | Lair:1   | Found a runed translucent gate.
  8199 | Lair:1   | Found a runed translucent gate.
  8274 | Lair:1   | Noticed Ogapsuc's ghost (novice GnWz)
  8286 | Lair:1   | Killed a five-headed hydra
  8286 | Lair:1   | Gained mutation: You have a pair of antennae on your head.
                  | [demonic ancestry]
  8286 | Lair:1   | Reached XP level 11. HP: 87/87 MP: 14/14
  8348 | Lair:1   | Reached skill level 11 in Unarmed Combat
  8545 | Lair:1   | Reached skill level 5 in Invocations
  8614 | Lair:1   | Noticed a six-headed hydra
  8622 | Lair:1   | Killed a six-headed hydra
 10012 | Lair:3   | Found a staircase to the Swamp.
 10255 | Lair:3   | Found a dark tunnel.
 10262 | Volcano  | Entered a volcano
 10264 | Volcano  | Noticed a wizard
 10282 | Volcano  | Killed a wizard
 10282 | Volcano  | Reached skill level 12 in Unarmed Combat
 10294 | Volcano  | Noticed a wizard
 10306 | Volcano  | Killed a wizard
 10316 | Volcano  | Noticed a wizard
 10324 | Volcano  | Killed a wizard
 10368 | Volcano  | Noticed a +2 mace of flaming
 10370 | Volcano  | Reached skill level 10 in Fighting
 10375 | Volcano  | Reached XP level 12. HP: 85/97 MP: 17/17
 11880 | Lair:4   | Learned a level 1 spell: Apportation
 11998 | Lair:4   | Found a hole to the Spider Nest.
 12029 | Lair:4   | Reached skill level 13 in Unarmed Combat
 12293 | Lair:5   | Reached skill level 1 in Dodging
 12567 | Lair:5   | Noticed a death yak
 12567 | Lair:5   | Noticed a death yak
 12567 | Lair:5   | Noticed a death yak
 12567 | Lair:5   | Noticed a death yak
 12574 | Lair:5   | Found a viscous altar of Jiyva.
 12574 | Lair:5   | Found a staircase to the Slime Pits.
 12617 | Lair:5   | Killed a death yak
 12617 | Lair:5   | Reached skill level 10 in Shields
 12618 | Lair:5   | Killed a death yak
 12618 | Lair:5   | Reached XP level 13. HP: 81/105 MP: 20/20
 13119 | Lair:6   | Entered Level 6 of the Lair of Beasts
 13259 | Lair:6   | Found a gate leading to a gauntlet.
 13267 | Gauntlet | Entered a Gauntlet
 13267 | Gauntlet | Found a transporter.
 13270 | Gauntlet | Found a transporter.
 13272 | Gauntlet | Found a transporter.
 13288 | Gauntlet | Found a transporter.
 13290 | Gauntlet | Found a transporter.
 13304 | Gauntlet | Found a transporter.
 13317 | Gauntlet | Found a transporter.
 13325 | Gauntlet | Noticed a death ooze
 13327 | Gauntlet | Found a transporter.
 13332 | Gauntlet | Found a transporter.
 13332 | Gauntlet | Found a transporter.
 13341 | Gauntlet | Found a transporter.
 13342 | Gauntlet | Found a transporter.
 13362 | Gauntlet | Found a transporter.
 13376 | Gauntlet | Found a transporter.
 13447 | Gauntlet | Reached skill level 10 in Invocations
 13555 | Gauntlet | Got an encrusted cloak
 13580 | Gauntlet | Identified the +0 cloak of Repulsion {Str+4 Int+3 Dex-3}
                  | (You found it in a Gauntlet)
 13654 | Gauntlet | Noticed a minotaur
 13669 | Gauntlet | Killed a minotaur
 13922 | Lair:6   | Identified a scroll of acquirement
 13932 | Lair:6   | Acquired the +9 staff of Wucad Mu {channel}
 13933 | Lair:6   | Found the +9 staff of Wucad Mu {channel}
 14189 | Lair:6   | Reached skill level 14 in Unarmed Combat
 14233 | Lair:6   | Reached skill level 5 in Armour
 14301 | Lair:6   | HP: 5/106 [poisoned by a spriggan rider]
 14306 | Lair:6   | HP: 4/106 [poisoned by a spriggan rider]
 14311 | Lair:6   | HP: 5/106 [poisoned by a spriggan rider]
 14435 | Lair:6   | Gained mutation: Your movements are less encumbered by
                  | armour. (ER -4) [demonic ancestry]
 14435 | Lair:6   | Reached XP level 14. HP: 110/113 MP: 22/22
 14610 | Lair:6   | Paralysed by a hornet for 1 turns
 14810 | Lair:6   | Reached skill level 1 in Stealth
 15304 | D:10     | Entered Level 10 of the Dungeon
 15322 | D:10     | Noticed Joseph
 15341 | D:10     | Killed Joseph
 15360 | D:10     | Noticed Fannar
 15388 | D:10     | Killed Fannar
 15551 | D:10     | Noticed Erica
 15580 | D:10     | Killed Erica
 15639 | D:10     | Found a flagged portal.
 15651 | Bailey   | Entered a bailey
 15696 | Bailey   | Found an iron altar of Okawaru.
 16003 | Bailey   | Found the +10 zealot's sword {holy, *Rage rN+ EV+3}
 16246 | D:10     | Acquired 590 gold pieces
 16283 | D:10     | Noticed Grum
 16304 | D:10     | Killed Grum
 16533 | D:11     | Noticed Nergalle
 16546 | D:11     | Killed Nergalle
 16749 | D:11     | Reached skill level 5 in Dodging
 17758 | D:12     | Found a staircase to the Orcish Mines.
 17779 | Orc:1    | Entered Level 1 of the Orcish Mines
 17941 | Orc:2    | Entered Level 2 of the Orcish Mines
 17941 | Orc:2    | Found a roughly hewn altar of Beogh.
 17986 | Orc:2    | Noticed an orc warlord
 18008 | Orc:2    | Reached XP level 15. HP: 112/120 MP: 6/23
 18011 | Orc:2    | Killed an orc warlord
 18327 | Orc:2    | Reached skill level 15 in Unarmed Combat
 18335 | Orc:2    | Found a staircase to the Elven Halls.
 18427 | Orc:2    | Found Nekleaq's General Store.
 18428 | Orc:2    | Found Wilan's Jewellery Shop.
 18429 | Orc:2    | Found Kixyinuu's Antique Armour Shop.
 18429 | Orc:2    | Found Jesusoydyo's Antique Weapon Boutique.
 18443 | Orc:2    | Bought a scroll of enchant armour for 75 gold pieces
 18444 | Orc:2    | Bought an uncursed ring of poison resistance for 260 gold
                  | pieces
 18766 | Orc:2    | Bought a dazzling ring mail for 315 gold pieces
 18766 | Orc:2    | Identified the +0 ring mail "Geiloe Juts" {Rampage +Fly
                  | Str-3 SInv} (You bought it in a shop on level 2 of the
                  | Orcish Mines)
 18767 | Orc:2    | Bought a brightly glowing leather armour for 245 gold
                  | pieces
 18767 | Orc:2    | Identified the +3 leather armour of the Lute {Int+5 Stlth+}
                  | (You bought it in a shop on level 2 of the Orcish Mines)
 19023 | Orc:1    | Got a bloodstained hat
 19024 | Orc:1    | Identified the +3 hat of Absence {Int+3 Dex+3} (You found
                  | it on level 1 of the Orcish Mines)
 19268 | Orc:1    | Found Qeelumm's Distillery.
 19278 | Orc:1    | Bought a potion of heal wounds for 55 gold pieces
 19278 | Orc:1    | Bought a potion of curing for 33 gold pieces
 19278 | Orc:1    | Bought a potion of curing for 33 gold pieces
 19278 | Orc:1    | Bought a potion of heal wounds for 55 gold pieces
 19278 | Orc:1    | Bought 2 potions of curing for 66 gold pieces
 19278 | Orc:1    | Bought a potion of curing for 33 gold pieces
 19278 | Orc:1    | Bought a potion of might for 44 gold pieces
 20624 | D:14     | Got a steaming cloak
 20625 | D:14     | Identified the cursed +0 cloak of Vehumet's Condemnation
                  | {rF++ MR+ Dex-2} (You found it on level 14 of the Dungeon)
 20976 | D:14     | Reached skill level 5 in Stealth
 21325 | D:14     | Found a gate to the Vaults.
 21603 | D:15     | Entered Level 15 of the Dungeon
 21837 | D:15     | Noticed Louise
 21909 | D:15     | Killed Louise
 22007 | D:15     | Reached XP level 16. HP: 118/129 MP: 25/25
 22047 | D:15     | Found a frozen archway.
 22077 | IceCv    | Entered an ice cave
 22247 | IceCv    | Got a slimy marble ring
 22386 | IceCv    | Identified the ring of Honesty {Str+6 Dex+4} (You found it
                  | in an ice cave)
 22692 | D:15     | Found a staircase to the Depths.
 23303 | D:7      | Killed p0werm0de's ghost
 23476 | Lair:1   | Killed Ogapsuc's ghost
 23527 | Lair:1   | Got a clouded bone ring
 23531 | Lair:1   | Identified the ring "Fadwuam" {Int+2 Dex+5 Stlth-} (You
                  | found it on level 1 of the Lair of Beasts)
 23630 | Spider:1 | Entered Level 1 of the Spider Nest
 23776 | Spider:1 | Reached skill level 16 in Unarmed Combat
 25050 | Spider:2 | Gained mutation: You have a pair of large antennae on your
                  | head. (SInv) [demonic ancestry]
 25050 | Spider:2 | Reached XP level 17. HP: 134/137 MP: 27/27
 25135 | Spider:2 | Identified the Almanac of Aerial Attacks
 25886 | Spider:3 | HP: 4/137 [demonic crawler (8)]
 25904 | Spider:1 | Reached skill level 17 in Unarmed Combat
 25904 | Spider:1 | Gained mutation: You are powered by pain. [demonic
                  | ancestry]
 25904 | Spider:1 | Reached XP level 18. HP: 18/143 MP: 28/28
 26606 | Spider:4 | Entered Level 4 of the Spider Nest
 27017 | Spider:4 | Noticed Mara
 27019 | Spider:4 | Found a runed translucent door.
 27020 | Spider:4 | Noticed Graouh's ghost (adept MiFi)
 27034 | Spider:4 | Noticed Alarkh's illusion
 27334 | Spider:4 | Got a flickering silver ring
 27335 | Spider:4 | Identified the ring "Quhao" {*Corrode rPois Int+2 Dex+5
                  | Stlth+} (You found it on level 4 of the Spider Nest)
 27416 | Spider:4 | Paralysed by a hornet for 2 turns
 27686 | Spider:4 | Noticed Alarkh's illusion
 27943 | Spider:4 | Got a gossamer rune of Zot
 28663 | Swamp:1  | Entered Level 1 of the Swamp
 30042 | Swamp:2  | Noticed Kirke
 30136 | Swamp:2  | Killed Kirke
 30826 | Swamp:3  | Gained mutation: You are robust. (+10% HP) [demonic
                  | ancestry]
 30826 | Swamp:3  | Reached XP level 19. HP: 145/166 MP: 30/30
 31045 | Swamp:4  | Entered Level 4 of the Swamp
 31374 | Swamp:4  | Reached skill level 15 in Invocations
 31533 | Swamp:4  | Got a decaying rune of Zot
 31706 | Swamp:4  | Paralysed by a hornet for 2 turns
 32250 | Vaults:1 | Entered Level 1 of the Vaults
 32292 | Vaults:1 | Found a flickering gateway to a bazaar.
 32301 | Bazaar   | Entered a bazaar
 32315 | Bazaar   | Found Owurr's Book Shoppe.
 32330 | Bazaar   | Found Megoghu's Armour Shoppe.
 32330 | Bazaar   | Found Bed Lalu's Antique Armour Emporium.
 32351 | Bazaar   | Found Zoytha's Armour Shoppe.
 32351 | Bazaar   | Found Koiha's Antique Weapon Emporium.
 32398 | Bazaar   | Bought the +7 tower shield of Dramatic Exits {rN+} for 861
                  | gold pieces
 32549 | Vaults:1 | Reached skill level 18 in Unarmed Combat
 33252 | Vaults:1 | Reached skill level 10 in Armour
 33641 | Vaults:1 | Found a runed translucent gate.
 33641 | Vaults:1 | Found a runed translucent gate.
 33641 | Vaults:1 | Found a runed translucent gate.
 33646 | Vaults:1 | Noticed Nybbakke's ghost (adept MiFi)
 34182 | Vaults:2 | Gained mutation: Your movements are significantly less
                  | encumbered by armour. (ER -6) [demonic ancestry]
 34182 | Vaults:2 | Reached XP level 20. HP: 103/176 MP: 27/31
 34210 | Vaults:2 | Reached skill level 10 in Dodging
 34404 | Vaults:2 | Reached skill level 10 in Stealth
 34622 | Vaults:2 | Found Minidan's Magic Scroll Shop.
 34631 | Vaults:2 | Bought a scroll of acquirement for 832 gold pieces
 34631 | Vaults:2 | Bought a scroll of fear for 56 gold pieces
 34631 | Vaults:2 | Bought a scroll of blinking for 120 gold pieces
 34631 | Vaults:2 | Acquired the ring "Usor Aschiniw" {rC++ MR+}
 35053 | Vaults:2 | Found a staircase to the Crypt.
 35053 | Vaults:2 | Found an ancient bone altar of Kikubaaqudgha.
 35053 | Vaults:2 | Found a basalt altar of Yredelemnul.
 35561 | Vaults:3 | Paralysed by a great orb of eyes for 5 turns
 35567 | Vaults:3 | Slain by an ironheart preserver

Illustrated notes

Levels and vault maps discovered:
D:1:      psy_arrival_whirlpool, layout_rooms
D:2:      layout_basic
D:3:      layout_loops_cross, uniq_terence
D:4:      layout_loops_ring, serial_bayou_lagoon_a
D:5:      layout_layer_cave, serial_shops,
          nicolae_shop_competitors_out_of_business, tso_altar, uniq_sigmund
D:6:      layout_cave_pods, minmay_temple_entry_mist, serial_column_ruins,
          column_ruins_square_small, column_ruins_corridor_straight,
          column_ruins_open_tiny, column_ruins_corridor_straight,
          column_ruins_open_small
D:7:      layout_basic, gammafunk_ghost_smash
D:8:      layout_basic, lemuel_statue_altar
D:9:      layout_basic, nicolae_overflow_crystal_walls, david_lair_shrubbed,
          chequers_serial_rivers_micro_e, minmay_shop_enchanted_jewellery
D:10:     layout_roguey, enter_bailey_3, kb_lookout_dungeons_type, uniq_erica,
          uniq_joseph, uniq_fannar, uniq_grum
D:11:     layout_basic, interstate_on_off, uniq_nergalle
D:12:     layout_cross, erik_orc_2, serial_ice, serial_ice_l, serial_ice_d,
          serial_ice_g, serial_ice_e, serial_ice_b, serial_ice_m, serial_ice_f,
          serial_ice_o
D:13:     layout_grid_maze
D:14:     layout_cave_pods, ximxim_vaults_locker_room, minmay_hedge_maze,
          serial_glass, glass_columns_b, glass_columns_c
D:15:     grunt_enter_depths_giant_problem, layout_basic,
          portal_ice_cave_entry_ice_beasts, chequers_mini_garden,
          hangedman_abyss_or_decor_clamps, uniq_louise
Temple:   dpeg_three_leaves_temple
Lair:1:   layout_gridlike, gammafunk_ghost_icy, beast_lair_carwin_6
Lair:2:   layout_long_grid
Lair:3:   layout_chaotic_city, swamp_mist_pool, enter_volcano_2,
          serial_bayou_shore_a, grunt_megastairs_5
Lair:4:   layout_misc_corridors, nicolae_spider_entry_tight_spaces,
          minmay_lair_oklob_chamber
Lair:5:   layout_regular_city, slime_altar_1, minivault_25,
          infiniplex_staircase_pool, grunt_megastairs_1
Lair:6:   minmay_lair_end_enchanted_forest, layout_gridlike,
          gauntlet_entry_generic
Swamp:1:  layout_basic_swamp, serial_swamp_ruin, evilmike_swamp_ruin_rubble_2,
          evilmike_swamp_ruin_house_5, hangedman_swamp_ruin_hall
Swamp:2:  layout_falls_marsh, evilmike_swamp_ruin_house_6, uniq_kirke
Swamp:3:  layout_falls_marsh, hangedman_swamp_ruin_wall,
          hangedman_swamp_wriggling
Swamp:4:  swamp, layout_basic_swamp, swamp_pool1, nicolae_swamp_fairy_circle
Spider:1: layout_spider_delve
Spider:2: layout_spider_delve
Spider:3: layout_spider_delve
Spider:4: spider_rune_water, gammafunk_ghost_grave, uniq_mara
Orc:1:    layout_caves, serial_shops, shop, hangedman_minor_magic
Orc:2:    st_orc_congregation, layout_caves, basic_altar
Vaults:1: gammafunk_vaults_ghost_split, vaults_standard_mumra_lines,
          vaults_room_octagon, grunt_vaults_focal, hangedman_vaults_impose,
          vaults_mumra_chevron_long, vaults_room_grid, layout_vaults_omnigrid,
          serial_shops, bzr_entry_islet
Vaults:2: ontoclasm_vaults_decontamination, minmay_crypt_entry_necro_gods,
          hangedman_vaults_locks, ontoclasm_vaults_chip, hangedman_vaults_hat,
          hangedman_vaults_cutoff, nicolae_vaults_gold_heap,
          grunt_vaults_diagonal, v_pattern_2, ontoclasm_vaults_ring_small,
          nicolae_vaults_stairing_the_circle, st_cells,
          vaults_room_mumra_shop_pool, serial_ice_b, vaults_mumra_chevron,
          layout_vaults_maze
Vaults:3: v_misc_12, vaults_mumra_minichess_inversion, vaults_dpeg_doors,
          vaults_room_door_hall, hangedman_vaults_unwind,
          hangedman_vaults_cutoff, ontoclasm_vaults_claustrophobia,
          nicolae_vaults_display_case, nicolae_vaults_theta,
          layout_vaults_big_room, serial_shops, shop_statue

Skill      XL: |  1  2  3  4  5  6  7  8  9 10 11 12 13 14 15 16 17 18 19 20 |
---------------+-------------------------------------------------------------+-----
Unarmed Combat | 2 3 4 5 6 7 9 10 12 13 14 15 16 17 18 | 18.8
Shields        | 3 4 5 7 8 9 10 11 12 13 | 13.7
Fighting       | 4 5 6 7 8 10 11 12 13 14 | 14.7
Invocations    | 4 7 9 10 11 12 13 14 15 16 | 16.2
Dodging        | 1 4 5 6 7 8 9 10 | 10.5
Armour         | 3 5 6 7 8 9 10 | 10.7
Stealth        | 3 5 7 8 9 10 | 10.4

Action                   |  1- 3 |  4- 6 |  7- 9 | 10-12 | 13-15 | 16-18 | 19-21 || total
-------------------------+-------+-------+-------+-------+-------+-------+-------++-------
Melee: Unarmed           |   176 |   473 |   399 |   866 |  2162 |  1607 |  1108 ||  6791
 Cast: Apportation       |       |       |       |     8 |       |     3 |       ||    11
Invok: Stomp             |       |       |       |       |    25 |    18 |    36 ||    79
       Line Pass         |       |       |       |       |       |     2 |     2 ||     4
       Grand Finale      |       |       |       |       |       |     1 |       ||     1
 Abil: Evoke Flight      |       |       |       |     1 |     2 |       |       ||     3
Evoke: Wand              |       |       |       |     2 |     1 |       |       ||     3
  Use: Scroll            |       |     4 |     7 |    13 |    19 |    16 |     4 ||    63
       Potion            |       |     2 |     5 |    13 |     4 |     8 |     2 ||    34
 Stab: Paralysed         |       |       |    11 |    40 |   153 |   129 |   120 ||   453
       Invisible         |       |       |     1 |       |       |     3 |       ||     4
       Sleeping          |       |       |       |     3 |     6 |    22 |    11 ||    42
       Distracted        |       |       |       |       |     1 |     3 |     2 ||     6
Armor: Scale mail        |    83 |   158 |    96 |   145 |   381 |   391 |   142 ||  1396
       Skin              |       |       |       |    25 |       |       |       ||    25
Dodge: Dodged            |    46 |   129 |   194 |   260 |   673 |   726 |   511 ||  2539
Block: Kite shield       |    84 |   235 |   234 |   179 |       |       |       ||   732
       Tower shield      |       |       |       |   268 |  1996 |  2041 |  1216 ||  5521

Table legend: (Time is in decaauts)
 A = Elapsed time spent in this place.
 B = Non-inter-level travel time spent in this place.
 C = Inter-level travel time spent in this place.
 D = Time resting spent in this place.
 E = Time spent auto-exploring this place.
 F = Levels seen in this place.
 G = Mean time per level.
                   A        B        C        D        E       F      G
               +--------+--------+--------+--------+--------+-----+--------+
         Total |  34635 |  32200 |   2435 |   1926 |  19315 |  40 |  865.9 |
       Dungeon |  13473 |  12493 |    980 |    564 |   8142 |  15 |  898.2 |
        Temple |     82 |     67 |     15 |      0 |     65 |   1 |   82.0 |
          Lair |   6835 |   6035 |    800 |    462 |   3555 |   6 | 1139.2 |
         Swamp |   3207 |   3076 |    131 |    112 |   2026 |   4 |  801.8 |
   Spider Nest |   4466 |   4319 |    147 |    688 |   2163 |   4 | 1116.5 |
  Orcish Mines |   1581 |   1352 |    229 |      0 |    895 |   2 |  790.5 |
        Vaults |   2962 |   2833 |    129 |     52 |   1692 |   3 |  987.3 |
        Bazaar |    135 |    135 |      0 |      0 |     72 |   1 |  135.0 |
        Bailey |    571 |    571 |      0 |      0 |    208 |   1 |  571.0 |
      Ice Cave |    352 |    352 |      0 |      0 |    188 |   1 |  352.0 |
       Volcano |    455 |    455 |      0 |     48 |    144 |   1 |  455.0 |
      Gauntlet |    511 |    511 |      0 |      0 |    163 |   1 |  511.0 |
               +--------+--------+--------+--------+--------+-----+--------+

Top non-repeatable levels by time:
Vaults:1: 1544 daAuts
     D:9: 1430 daAuts
Spider:1: 1395 daAuts
Spider:4: 1394 daAuts
  Lair:6: 1381 daAuts
  Lair:4: 1335 daAuts
     D:5: 1332 daAuts
Vaults:2: 1232 daAuts
  Lair:1: 1166 daAuts
    D:13: 1145 daAuts
     D:2: 1135 daAuts
Spider:3: 1073 daAuts
    D:14: 1017 daAuts
  Lair:3: 1001 daAuts
  Lair:2: 988 daAuts
